 Dungeon Crawl Stone Soup version 0.28-a0-1152-g9c71ebef14 (webtiles) character file.

Game seed: 17875794873536034278

11333 ReploidZero the Thaumaturge (level 12, 0/70 HPs)
             Began as a Djinni Conjurer on Dec 14, 2021.
             Was a Follower of Nemelex Xobeh.
             Slain by a centaur zombie (2 damage)
             ... on level 8 of the Dungeon.
             The game lasted 00:49:22 (13536 turns).

ReploidZero the Thaumaturge (Djinni Conjurer)      Turns: 13536, Time: 00:49:23

Health: 0/70       AC:  3    Str:  6    XL:     12   Next: 6%
Gold:   531        EV: 12    Int: 24    God:    Nemelex Xobeh [*.....] SH:  5 Dex: 13

rFire   + + .      SeeInvis .   v - +3 whip (freeze)
rCold   x . .      Faith    .   (no shield)
rNeg    . . .      Spirit   .   a - +0 robe
rPois   ∞          Reflect  +   m - +0 helmet
rElec   .          Harm     .   (no cloak)
rCorr   .          Rampage  .   (no gloves)
Will    +....                   (boots unavailable)
Stlth   ++........              k - amulet of reflection
HPRegen 0.21/turn               (no ring)
MPRegen 0.00/turn               (no ring)

@: flying
A: sickness immunity, fire resistance 2, cold vulnerability 1, float, innate
caster, hp casting, extra vitality 1
a: Renounce Religion, Draw Escape, Draw Destruction, Draw Summoning


You were on level 8 of the Dungeon.
You worshipped Nemelex Xobeh.
Nemelex Xobeh was aware of your devotion.
You visited 2 branches of the dungeon, and saw 9 of its levels.
You also visited: Sewer and Bailey.

You collected 573 gold pieces.
You spent 42 gold pieces at shops.

Inventory:

Hand Weapons
 v - a +3 whip of freezing (weapon)
Armour
 a - a +0 robe (worn)
 m - a +0 helmet (worn)
 q - the +3 leather armour "Juxaklay" {*Slow rC+ Will+ SInv}
   (You found it on level 7 of the Dungeon)

   rC:        It protects you from cold.
   SInv:      It lets you see invisible.
   *Slow:     It may slow you when you take damage.
   Will:      It increases your willpower.
 r - the +1 cloak "Rutelate" {*Corrode +Blink Str+4 Slay+3}
   (You found it on level 6 of the Dungeon)

   Str:       It affects your strength (+4).
   Slay:      It affects your accuracy & damage with ranged weapons and melee
   (+3).
   +Blink:    It lets you blink.
   *Corrode:  It may corrode you when you take damage.
Magical Staves
 x - a staff of air
Jewellery
 k - an amulet of reflection (around neck)
 s - a ring of willpower
Wands
 g - a wand of flame (13)
 j - a wand of acid (12)
 t - a wand of iceblast (9)
 w - a wand of charming (8)
Scrolls
 o - a scroll of enchant weapon
 p - a scroll of teleportation
 u - a scroll of magic mapping
Potions
 b - a potion of experience
 c - 2 potions of might
 d - a potion of magic
 e - a potion of haste
 l - a potion of mutation
 n - 2 potions of flight


   Skills:
 - Level 2.1 Dodging
 - Level 1.5 Stealth
 * Level 12.9 Spellcasting
 + Level 8.8 Invocations


You had 10 spell levels left.
You knew the following spells:

 Your Spells              Type           Power      Damage    Failure   Level
a - Magic Dart            Conj           100%       1d8       1%          1
b - Searing Ray           Conj           100%       2d8       1%          2
c - Dazzling Flash        Conj/Hex       100%       N/A       1%          3
d - Fulminant Prism       Conj/Hex       33%        3d16      1%          4
e - Iskenderun's Mystic   Conj/Tloc      67%        2d14      1%          4
f - Slow                  Hex            100%       N/A       1%          1
g - Wereblood             Tmut           67%        N/A       1%          2
h - Static Discharge      Conj/Air       67%        N/A       1%          2
i - Conjure Flame         Conj/Fire      67%        6-21      1%          3
j - Hailstorm             Conj/Ice       67%        3d14      1%          4
Your spell library was empty.

Dungeon Overview and Level Annotations

Branches:
Dungeon (8/15)             Temple (1/1) D:4           Sewer (visited)
 Bailey (visited)
   Lair: D:8-11

Altars:
Ashenzari
Cheibriados
Dithmenos
Elyvilon
Gozag
Hepliaklqana
Kikubaaqudgha
Makhleb
Nemelex Xobeh
Okawaru
Qazlal
Ru
Sif Muna
Uskayaw
Vehumet
Wu Jian
Xom
Yredelemnul
Zin
The Shining One

Shops:
D:2 *


Innate Abilities, Weirdness & Mutations

You are immune to sickness and miasma.
You are immune to poison.
Your flesh is very heat resistant. (rF++)
You are vulnerable to cold. (rC-)
You float through the air rather than walking.
You learn spells naturally, not from books.
Your magical power is your life essence.
You have superior vitality. (+4 HP)


Message History

Press: ? - help, Q - select action, (/) - cycle Shift-Dir - straight line, f/p - orc
Aim: an orc, wielding a +0 flail, wearing a +0 scale mail and quivering atropa-tipped darts (100% to hit)
The magic dart hits the orc.
The orc is moderately wounded.
* * * LOW HITPOINT WARNING * * *
Aiming: Magic Dart (safe; 1% risk of failure)
Press: ? - help, Q - select action, (/) - cycle Shift-Dir - straight line, f/p - orc
Aim: an orc, wielding a +0 flail, wearing a +0 scale mail and quivering atropa-tipped darts (moderately wounded, 100% to hit)
The magic dart hits the orc.
The orc is heavily wounded.
* * * LOW HITPOINT WARNING * * *
Casting: Magic Dart (safe; 1% risk of failure)
Confirm with . or Enter, or press ? or * to list all spells.
You erupt in a blast of force!
The mystic blast hits the orc!
You kill the orc!
* * * LOW HITPOINT WARNING * * *
Unknown command.
A centaur zombie comes into view.
Casting: Iskenderun's Mystic Blast (safe; 1% risk of failure)
Confirm with . or Enter, or press ? or * to list all spells.
Okay, then.
Okay, then.
Okay, then.
Unknown command.
Unknown command.
Okay, then.
Okay, then.
Okay, then.
It was a potion of cancellation.
You feel magically purged.
Casting: Iskenderun's Mystic Blast (safe; 1% risk of failure)
Confirm with . or Enter, or press ? or * to list all spells.
You don't have enough health to cast this spell.
You feel more experienced!
Your Spellcasting skill increases to level 12!
Your Invocations skill gained 3 levels and is now at level 8!
You have reached level 12!
You feel agile. The centaur zombie barely misses you.
The centaur zombie kicks you.
You die...
Your body disappears without a glow.

.....††.).... #.#
####...)..########.#
......)∩)........#.#
.......)...#####.#.#
##..#......# #.#.#
.....#.....# #.#.#
.......##### #)#.#
##.... #.Z.# #.###
#@### ## ###


You could see a centaur zombie.

Vanquished Creatures
  A dire elephant (Bailey)
  Pikel (D:7)
  2 wyverns
  Sigmund (D:3)
  2 yaks (D:8)
  2 water moccasins
  Duvessa (D:7)
  13 orc warriors (Bailey)
  A sky beast (D:8)
  A necrophage (D:8)
  An ogre (D:6)
  2 lemures
  2 phantoms
  6 bullfrogs
  3 scorpions
  2 water moccasin zombies (D:5)
  Dowan (D:7)
  A howler monkey (D:4)
  A bullfrog zombie (D:6)
  2 centaur zombies
  3 jellies
  3 hounds
  2 centaur skeletons
  4 iguanas
  An orc priest (D:8)
  Jessica (D:3)
  Natasha (twice) (D:2)
  3 orc wizards
  Terence (D:2)
  A hound skeleton (D:4)
  13 gnolls
  7 adders
  A shadow imp (D:6)
  2 ufetubi
  A worm (D:5)
  A dart slug (D:4)
  26 orcs
  7 bats
  7 endoplasms
  11 giant cockroaches
  26 goblins
  18 hobgoblins
  11 jackals
  4 quokkas
  12 ball pythons
  4 frilled lizards
  9 kobolds
  5 rats
232 creatures vanquished.

Vanquished Creatures (collateral kills)
  An orc warrior (Bailey)
  2 orcs (Bailey)
  A goblin (Bailey)
4 creatures vanquished.

Vanquished Creatures (others)
  A gnoll (D:3)
  28 fulminant prisms
29 creatures vanquished.

Grand Total: 265 creatures vanquished

Notes
Turn   | Place    | Note
-------+----------+-------------------------------------------
     0 | D:1      | ReploidZero the Djinni Conjurer began the quest for the
                  | Orb.
     0 | D:1      | Reached XP level 1. HP: 15/15 MP: 0/0
   301 | D:1      | Reached XP level 2. HP: 18/21 MP: 0/0
   961 | D:1      | Reached XP level 3. HP: 5/25 MP: 0/0
   961 | D:1      | Learned a level 1 spell: Slow
  1456 | D:2      | Noticed Terence
  1460 | D:2      | Killed Terence
  1461 | D:2      | Reached skill level 4 in Spellcasting
  1662 | D:2      | Found Ulumas's General Store.
  1676 | D:2      | Reached XP level 4. HP: 27/31 MP: 0/0
  1715 | D:2      | Bought a potion of curing for 42 gold pieces
  1718 | D:2      | Found a faded altar of an unknown god.
  2163 | D:2      | Found an iron altar of Okawaru.
  2284 | D:2      | Noticed Natasha
  2291 | D:2      | Killed Natasha
  2292 | D:2      | Reached XP level 5. HP: 27/35 MP: 0/0
  2292 | D:2      | Learned a level 2 spell: Wereblood
  2647 | D:2      | Noticed Natasha
  2653 | D:2      | Killed Natasha
  2844 | D:3      | Noticed Sigmund
  3020 | D:3      | Noticed Jessica
  3022 | D:3      | Reached skill level 5 in Spellcasting
  3027 | D:3      | Killed Jessica
  3161 | D:3      | Found a shadowy altar of Dithmenos.
  3418 | D:3      | Reached XP level 6. HP: 38/40 MP: 0/0
  3564 | D:3      | Killed Sigmund
  3565 | D:3      | Reached skill level 6 in Spellcasting
  3659 | D:3      | Reached XP level 7. HP: 14/45 MP: 0/0
  3659 | D:3      | Learned a level 2 spell: Static Discharge
  4948 | D:4      | Found a staircase to the Ecumenical Temple.
  4967 | Temple   | Entered the Ecumenical Temple
  6246 | D:4      | Found an iron altar of Okawaru.
  6599 | D:5      | Entered Level 5 of the Dungeon
  6611 | D:5      | Reached skill level 7 in Spellcasting
  6709 | D:5      | Reached XP level 8. HP: 41/50 MP: 0/0
  7049 | D:5      | Found a glowing drain.
  7305 | Sewer    | Entered a sewer
  8472 | D:6      | Identified the +1 cloak "Rutelate" {*Corrode +Blink Str+4
                  | Slay+3}
  8547 | D:6      | Reached skill level 8 in Spellcasting
  8664 | D:6      | Found a basalt altar of Yredelemnul.
  8807 | D:6      | Found a hazy altar of Hepliaklqana.
  9208 | D:6      | Reached XP level 9. HP: 22/55 MP: 0/0
  9208 | D:6      | Learned a level 3 spell: Conjure Flame
  9483 | D:6      | Found a burning altar of Makhleb.
  9587 | D:6      | Found a sparkling altar of Nemelex Xobeh.
  9625 | D:6      | Reached skill level 9 in Spellcasting
  9630 | D:6      | Became a worshipper of Nemelex Xobeh the Trickster
  9955 | D:7      | Noticed Dowan
  9956 | D:7      | Noticed Duvessa
  9974 | D:7      | Killed Dowan
  9974 | D:7      | Killed Duvessa
 10533 | D:7      | Noticed Pikel
 10540 | D:7      | Killed Pikel
 10541 | D:7      | Reached skill level 10 in Spellcasting
 10645 | D:7      | Found a glowing golden altar of the Shining One.
 10889 | D:7      | Identified the +3 leather armour "Juxaklay" {*Slow rC+
                  | Will+ SInv}
 11525 | D:8      | Reached skill level 1 in Invocations
 11538 | D:8      | Reached XP level 10. HP: 48/60 MP: 0/0
 11599 | D:8      | Reached * piety under Nemelex Xobeh
 11877 | D:8      | Received a gift from Nemelex Xobeh
 11880 | D:8      | Found a flagged portal.
 11889 | Bailey   | Entered a bailey
 11948 | Bailey   | Reached skill level 11 in Spellcasting
 12174 | Bailey   | Noticed an orc warlord
 12176 | Bailey   | Noticed a dire elephant
 12176 | Bailey   | an orc warlord changed into a dire elephant
 12252 | Bailey   | Killed a dire elephant
 13137 | Bailey   | Reached skill level 5 in Invocations
 13502 | D:8      | Reached XP level 11. HP: 47/65 MP: 0/0
 13502 | D:8      | Learned a level 4 spell: Hailstorm
 13536 | D:8      | Reached skill level 12 in Spellcasting
 13536 | D:8      | Reached XP level 12. HP: 2/70 MP: 0/0
 13536 | D:8      | Slain by a centaur zombie

Illustrated notes

Levels and vault maps discovered:
D:1:      roderic_octagonal_star, layout_basic, kennysheep_decorative_pillar
D:2:      layout_basic, basic_altar, chequers_ecumenical_altar_simple,
          serial_shops, nicolae_shop_statue_plus, uniq_terence, uniq_natasha
D:3:      layout_basic, fiery_altar_vehumet,
          mainiacjoe_overflow_large_starburst, uniq_sigmund, uniq_jessica
D:4:      layout_loops_ring, temple_green, kennysheep_flooded_box
D:5:      layout_basic, gup_sewer_entry_glass, chequers_serial_rivers_large_a,
          dk_vineyard_3, chequers_serial_rivers_large_b
D:6:      layout_basic, kennysheep_mini, lemuel_zombie_altar_yredelemnul,
          marbit_many_paths, nzn_hepliaklqana_mist_gate
D:7:      layout_rooms, mainiacjoe_overflow_brackets, bh_walls_and_bars,
          uniq_duvessa, uniq_pikel
D:8:      minmay_the_grid_octo_tiled_squarecenter [minmay_the_grid_octo_chip,
          minmay_the_grid_octo_checkered, minmay_the_grid_octo_odd_swirl,
          minmay_the_grid_octo_horde,
          minmay_the_grid_square_5x5_megaprize_hollow,
          minmay_the_grid_square_5x5_minimal,
          minmay_the_grid_square_5x5_tri_point,
          minmay_the_grid_square_5x5_shrine2,
          minmay_the_grid_square_5x5_doubleslash], layout_basic,
          nicolae_ossuary_entry_catacombs, enter_bailey_2
Temple:   minmay_temple_forest_path

Skill      XL: |  1  2  3  4  5  6  7  8  9 10 11 |
---------------+----------------------------------+-----
Spellcasting   | 4 5 6 7 8 10 11 12 | 12.9
Invocations    | 1 5 8 |  8.8
Dodging        | |  2.1
Stealth        | |  1.5

Action                   |  1- 3 |  4- 6 |  7- 9 | 10-12 || total
-------------------------+-------+-------+-------+-------++-------
Melee: Unarmed           |     1 |     1 |    19 |       ||    21
       Whip              |       |       |     5 |     6 ||    11
 Cast: Magic Dart        |    49 |    61 |   154 |    93 ||   357
       Searing Ray       |     1 |     5 |    31 |    12 ||    49
       Dazzling Flash    |     1 |       |       |       ||     1
       Fulminant Prism   |       |     4 |     7 |    19 ||    30
       Slow              |       |     4 |     4 |       ||     8
       Iskenderun's Myst |       |     1 |     5 |    22 ||    28
       Static Discharge  |       |       |     4 |     1 ||     5
       Hailstorm         |       |       |       |     2 ||     2
Invok: Draw Destruction  |       |       |       |     4 ||     4
       Draw Escape       |       |       |       |     1 ||     1
       Draw Summoning    |       |       |       |     1 ||     1
  Use: Scroll            |       |       |     9 |    10 ||    19
       Potion            |       |       |     2 |    11 ||    13
Armor: Robe              |     4 |     2 |    20 |     1 ||    27
       Skin              |       |       |       |    18 ||    18
Dodge: Dodged            |     8 |     9 |    71 |    18 ||   106
Block: Other             |       |       |    33 |     7 ||    40

Table legend: (Time is in decaauts)
 A = Elapsed time spent in this place.
 B = Non-inter-level travel time spent in this place.
 C = Inter-level travel time spent in this place.
 D = Time resting spent in this place.
 E = Time spent auto-exploring this place.
 F = Levels seen in this place.
 G = Mean time per level.
                   A        B        C        D        E       F      G
               +--------+--------+--------+--------+--------+-----+--------+
         Total |  13531 |  13169 |    362 |      0 |  11460 |  11 | 1230.1 |
       Dungeon |  10981 |  10623 |    358 |      0 |   9481 |   8 | 1372.6 |
        Temple |    423 |    419 |      4 |      0 |    407 |   1 |  423.0 |
         Sewer |    536 |    536 |      0 |      0 |    387 |   1 |  536.0 |
        Bailey |   1589 |   1589 |      0 |      0 |   1185 |   1 | 1589.0 |
               +--------+--------+--------+--------+--------+-----+--------+

Top non-repeatable levels by time:
     D:3: 1848 daAuts
     D:6: 1702 daAuts
  Bailey: 1589 daAuts
     D:2: 1549 daAuts
     D:1: 1456 daAuts
     D:4: 1331 daAuts
     D:5: 1330 daAuts
     D:7: 1263 daAuts
   Sewer: 536 daAuts
     D:8: 500 daAuts
  Temple: 423 daAuts
